Map: Rifts to Korhal

Players

NamroodTuo

  • Race: Zerg Zerg

Veasey

  • Race: Zerg Zerg
  • Spawn Location: 7:00

VOD

Have the link to the VOD?

Description

Time

  • Played on: Jan. 10, 2023, 7:39 a.m.
  • Length: 20:48
Show
View Real Time Build Order
Export as new Build Order

NamroodTuo Zerg 

Build Orders:  

Get SALT Encoding   

  12  0:03  Infested SCV  
  13  0:18  Infested SCV  
  14  0:31  Infested Barracks  
  14  0:37  Infested SCV  
  15  0:49  Overlord  
  15  1:16  Infested SCV  
  15  1:17  Infested SCV  
  17  1:20  Infested SCV  
  18  1:35  Infestation Level 1  
  18  1:48  Infested SCV  
  18  1:49  Infested SCV  
  20  1:55  Overlord  
  20  2:22  Infested Refinery  
  20  2:31  Infested Refinery  
  20  2:38  Infested SCV x2  
  22  2:53  Infested Marine x2  
  22  2:54  Infested Marine x3  
  22  2:55  Infested Marine  
  28  3:21  Infested Barracks Tech Lab  
  28  3:23  Infested SCV  
  28  3:24  Infested SCV x2  
  31  3:50  Overlord  
  31  3:51  Overlord  
  31  3:58  Infested Engineering Bay  
  31  4:04  Anaerobic Enhancement  
  35  4:32  Infested Bunker  
  35  4:36  Retinal Augmentation  
  35  4:38  Infested SCV x2  
  35  4:39  Infested SCV  
  32  4:51  Regenerative Plating  
  32  5:04  Infested Marine  
  33  5:45  Infested Marine  
  33  5:46  Infested Marine x2  
  36  5:51  Infested SCV x3  
  36  5:52  Infested SCV  
  40  6:07  Infested Bunker  
  44  6:13  Infested Barracks, Plagued Munitions  
  44  6:17  Broodling Gestation  
  43  6:55  Infested Barracks  
  43  7:03  Infested Bunker  
  47  7:18  Infested Barracks  
  47  7:25  Overlord  
  47  7:28  Overlord  
  47  7:35  Stukov Infantry Weapons Level 1  
  44  8:00  Infestation Level 2  
  44  8:16  Infested Marine x3  
  44  8:17  Infested Marine x6  
  53  8:43  Infested Marine  
  53  8:44  Infested Marine x9  
  54  9:12  Infested Factory  
  50  9:26  Infested Bunker  
  48  9:46  Infested Marine x2  
  48  9:47  Infested Marine x13  
  63  9:54  Overlord x2  
  63  10:14  Overlord x2  
  63  10:15  Stukov Infantry Armor Level 1  
  63  10:49  Infested Marine x3  
  66  10:50  Infested Marine x22  
  66  10:51  Infested Marine  
  89  11:23  Infested Marine  
  89  11:24  Infested Marine x5  
  95  11:34  Infested Armory  
  95  11:36  Overlord  
  95  11:37  Overlord  
  80  11:44  Overlord  
  80  11:50  Overlord  
  80  11:56  Infested Marine x5  
  80  11:57  Infested Marine  
  58  12:43  Infested Marine  
  58  12:44  Infested Marine x19  
  58  12:47  Overlord x3  
  78  12:55  Stukov Infantry Weapons Level 2  
  68  13:56  Infested Marine  
  68  13:57  Infested Marine x11  
  68  13:58  Infested Marine x18  
  68  13:59  Infested Marine x10  
  103  14:19  Infestation Level 3  
  88  14:38  Infested Marine  
  88  14:39  Infested Marine x7  
  96  14:40  Infested Marine x9  
  96  14:49  Overlord  
  105  15:29  Infested Marine  
  106  15:30  Infested Marine x6  
  106  15:31  Infested Marine x19  
  131  15:42  Infested Marine  
  131  15:43  Infested Marine x8  
  100  16:02  Overlord  
  100  16:03  Overlord  
  100  16:05  Calcified Armor  
  87  16:41  Infested Bunker  
  84  16:50  Infested Marine  
  84  16:51  Infested Marine x13  
  89  17:05  Stukov Infantry Armor Level 2  
  89  17:09  Infested Marine  
  85  17:10  Infested Marine x12  
  85  17:11  Infested Marine x4  
  77  17:52  Infested Marine  
  77  17:53  Infested Marine x15  
  77  17:54  Infested Marine x3  
  91  18:12  Infested Marine  
  91  18:13  Infested Marine x15  
  91  18:14  Infested Marine x16  
  123  18:36  Infested Marine  
  123  18:37  Infested Marine x10  
  123  18:38  Infested Marine x7  
  120  19:00  Infested Marine  
  120  19:01  Infested Marine x5  
  120  19:02  Infested Marine x14  
  76  20:00  Infested Marine  
  76  20:01  Infested Marine x10  
  76  20:02  Infested Marine x21  
  76  20:03  Infested Marine x16  
Show
View Real Time Build Order
Export as new Build Order

Veasey Zerg 

Build Orders:  

Get SALT Encoding   

  6  0:05  Extractor  
  5  0:12  Drone x2  
  6  0:23  Drone x2  
  7  0:37  Drone x2  
  8  0:57  Extractor, Overlord  
  8  1:12  Drone x2  
  9  1:26  Spawning Pool  
  8  1:41  Drone x2  
  8  1:42  Centrifugal Hooks  
  8  1:44  Drone x2  
  10  1:58  Baneling Nest  
  10  2:00  Drone x2  
  11  2:36  Swarmling x3  
  11  2:37  Swarmling x12  
  13  3:08  Swarmling x9  
  17  3:17  Lair  
  17  3:20  Overlord  
  17  3:21  Overlord  
  19  3:51  Metabolic Boost  
  21  4:01  Evolution Chamber  
  21  4:02  Drone x2  
  24  4:48  Drone x4  
  24  4:49  Drone x2  
  29  5:04  Hatchery  
  23  5:44  Heroic Fortitude  
  25  6:00  Scourge Nest  
  25  6:08  Hatchery  
  24  6:11  Hatchery  
  24  6:19  Drone x2  
  39  6:20  Drone x4  
  29  6:44  Medusa Blades  
  42  6:50  Hive  
  29  6:56  Drone x2  
  32  7:12  Drone x2  
  32  7:13  Drone x8  
  32  7:18  Extractor  
  40  8:01  Extractor, Drone x6  
  40  8:08  Simplified Genome  
  43  8:13  Overlord  
  43  8:14  Overlord x4  
  44  8:52  Overseer x2  
  44  8:54  Overlord x3  
  44  8:55  Overlord x2  
  46  9:08  Virulent Spores  
  59  9:40  Adrenal Overload  
  45  9:42  Corrosive Acid  
  45  9:51  Unknown  
  47  10:13  Roach x4  
  47  10:14  Roach x12  
  47  10:15  Roach x4  
  47  10:21  Scourge x2  
  47  10:22  Scourge x18  
  47  10:23  Swarmling x3  
  47  10:24  Swarmling x39  
  80  10:39  Shredding Claws  
  75  10:54  Unknown  
  53  11:12  Rupture  
  49  11:40  Scourge x2  
  49  11:41  Scourge x18  
  49  11:42  Scourge x28  
  75  12:09  Hardened Carapace  
  75  12:29  Swarmling x3  
  60  12:30  Swarmling x24  
  60  12:31  Swarmling x21  
  71  13:34  Scourge x4  
  71  13:35  Scourge x18  
  71  13:36  Swarmling x9  
  71  13:37  Swarmling x24  
  40  15:36  Scourge x2  
  40  15:37  Scourge x30  
  40  15:38  Swarmling x3  
  40  15:39  Swarmling x21  
  68  16:01  Unknown  
  66  16:16  Scourge x2  
  66  16:17  Scourge x22  
  78  16:29  Overseer  
  80  16:30  Overseer  
  80  16:32  Overlord  
  54  17:24  Scourge x2  
  54  17:25  Scourge x34  
  54  17:26  Scourge x12  
  80  18:06  Swarmling x3  
  80  18:07  Swarmling x33  
  89  18:33  Roach x12  
  89  18:34  Roach x8  
  73  18:47  Swarmling x3  
  73  18:48  Swarmling x27  
  73  18:49  Swarmling x18  
  37  19:30  Swarmling x3  
  37  19:31  Swarmling x21  
  37  19:32  Swarmling x24  
  54  20:08  Swarmling x18  
  54  20:09  Swarmling x30  
Tags
 
Commander
StukovZagara
Matchup
Co-op
Replay Pack
Multiplayer
Add a new tag
Caveats
  • Supply blocks, unpowered buildings, or Contaminate may cause inaccurate times.
  • Supply counts are checked every 10 seconds.